 Dungeon Crawl Stone Soup version 0.21.1-1-g345015f (webtiles) character file.

378 sking99 the Slasher (level 7, -16/55 HPs)
             Began as a Formicid Abyssal Knight on June 30, 2018.
             Was a Believer of Lugonu.
             Demolished by a two-headed ogre
             ... wielding a +0 giant spiked club
              (19 damage)
             ... on level 3 of the Dungeon.
             The game lasted 00:06:54 (4277 turns).

sking99 the Slasher (Formicid Abyssal Knight)       Turns: 4277, Time: 00:06:55

Health: -16/55     AC:  6    Str: 17    XL:     7   Next: 4%
Magic:  9/10       EV: 10    Int: 12    God:    Lugonu [**....]
Gold:   160        SH:  0    Dex: 11    Spells: 6/6 levels left

rFire    . . .     SeeInvis +   a - +1 falchion
rCold    . . .     Gourm    .   (no shield)
rNeg     . . .     Faith    .   e - +0 ring mail
rPois    .         Spirit   .   (helmet unavailable)
rElec    .         Reflect  .   (no cloak)
rCorr    .         Harm     .   m - +0 pair of gloves
MR       .....                  (no boots)
Stlth    +.........             (no amulet)
HPRegen  0.18/turn              (no ring)
MPRegen  0.12/turn              (no ring)

@: no status effects
A: permanent stasis, dig shafts and tunnels, four strong arms, antennae 3
a: Dig, Shaft Self, Depart the Abyss, Bend Space, Renounce Religion


You were on level 3 of the Dungeon.
You worshipped Lugonu.
Lugonu was pleased with you.
You were not hungry.

You visited 1 branch of the dungeon, and saw 3 of its levels.
You visited the Abyss 1 time.

You collected 160 gold pieces.

Inventory:

Hand Weapons
 a - a +1 falchion (weapon)
Armour
 b - a +0 leather armour
 e - a +0 ring mail (worn)
 m - a +0 pair of gloves (worn)
Wands
 q - a wand of iceblast (12)
Scrolls
 d - 4 scrolls of identify {unknown}
 f - 2 scrolls of magic mapping {unknown}
 g - 2 scrolls of enchant armour {unknown}
 h - a scroll of fear {unknown}
 o - 2 scrolls of remove curse {unknown}
 r - a scroll of fog {unknown}
Potions
 j - a potion of flight {unknown}
 k - a potion of resistance
 l - a potion of agility
 n - a potion of mutation {unknown}
 p - 3 potions of curing {unknown}
Comestibles
 c - 3 rations


   Skills:
 + Level 4.9 Fighting
 * Level 5.1 Long Blades
 - Level 2.1 Armour
 - Level 0.8 Dodging
 + Level 4.4 Invocations


You had 6 spell levels left.
You didn't know any spells.

Dungeon Overview and Level Annotations

Branches:
Dungeon (3/15)

Altars:
Gozag
Zin

Annotations:
D:3 sking99's ghost, weakling MiFi


Innate Abilities, Weirdness & Mutations

You cannot be hasted, slowed, berserked, paralysed or teleported.
You can dig through walls and to a lower floor.
Your four strong arms can wield two-handed weapons with a shield.
You have a pair of large antennae on your head. (SInv)


Message History

Sking99's ghost says, "You will never get the ORB!"
The two-headed ogre hits you with a giant spiked club!!
The two-headed ogre hits you with a dire flail!!
* * * LOW HITPOINT WARNING * * *
Found a scroll labeled UMEMUY FAEMP.
Space bends around you!
You blink.
Space bends around you!
You blink.
A bat comes into view.
The bat hits you.
* * * LOW HITPOINT WARNING * * *
The bat hits you.
* * * LOW HITPOINT WARNING * * *
You see here a scroll labeled UMEMUY FAEMP.
The bat barely misses you.
You riposte.
You hit the bat.
The bat is moderately wounded.
The bat closely misses you. x2
The bat hits you but does no damage. x2
The bat hits you but does no damage.
The two-headed ogre hits you with a giant spiked club!!
You die...

.....# #.....#
.....# #.....#
.....# #.....#
########.....#
#...........#######
#.................#
##......##.........#
....<....#.........#
..(.##......>...@..#
..............b.O..#
...................#
....##.............#
.....'.......W..?..#
.....#.............#
.....#......########
....######### #####


You could see a two-headed ogre, sking99's ghost and a bat.

Vanquished Creatures
  An ice beast (D:3)
  A bullfrog (D:2)
  Jessica (D:3)
  Natasha (thrice) (D:2)
  3 gnolls (D:2)
  2 adders
  An ooze (D:3)
  3 worms
  4 dart slugs
  2 leopard geckos (D:2)
  An orc (D:3)
  A giant cockroach (D:3)
  12 goblins
  4 hobgoblins
  2 jackals (D:3)
  8 kobolds
  A quokka (D:3)
  3 ball pythons
  5 bats
  A frilled lizard (D:1)
  6 rats
65 creatures vanquished.

Notes
Turn   | Place    | Note
-------+----------+-------------------------------------------
     0 | Abyss:1  | sking99 the Formicid Abyssal Knight began the quest for the Orb.
     0 | Abyss:1  | Reached XP level 1. HP: 18/18 MP: 2/2
     0 | Abyss:1  | Found a corrupted altar of Lugonu.
    15 | D:1      | Escaped the Abyss
   188 | D:1      | Reached XP level 2. HP: 24/24 MP: 3/3
   916 | D:1      | Reached ** piety under Lugonu
   916 | D:1      | Reached XP level 3. HP: 29/29 MP: 4/4
  1136 | D:2      | Reached skill level 3 in Long Blades
  1298 | D:2      | Noticed Natasha
  1304 | D:2      | Killed Natasha
  1304 | D:2      | Reached XP level 4. HP: 33/37 MP: 6/6
  1369 | D:2      | Noticed a bullfrog
  1372 | D:2      | Noticed Natasha
  1381 | D:2      | Killed a bullfrog
  1381 | D:2      | Reached XP level 5. HP: 10/42 MP: 7/7
  1394 | D:2      | Killed Natasha
  1394 | D:2      | Reached skill level 4 in Long Blades
  1666 | D:2      | Noticed Natasha
  1675 | D:2      | Killed Natasha
  1772 | D:2      | Reached XP level 6. HP: 34/49 MP: 8/8
  2196 | D:3      | Noticed a two-headed ogre
  2235 | D:3      | Noticed an ice beast
  2253 | D:3      | Killed an ice beast
  2620 | D:3      | Reached skill level 5 in Long Blades
  2985 | D:3      | Found an opulent altar of Gozag.
  3001 | D:3      | Found a glowing silver altar of Zin.
  3138 | D:3      | Noticed Jessica
  3145 | D:3      | Killed Jessica
  3145 | D:3      | Reached XP level 7. HP: 55/55 MP: 10/10
  3178 | D:3      | Noticed sking99's ghost (weakling MiFi)
  4277 | D:3      | Demolished by a two-headed ogre

Skill      XL: |  1  2  3  4  5  6 |
---------------+-------------------+-----
Long Blades    | 3 4 5 |  5.1
Invocations    | 3 4 |  4.4
Fighting       | 4 |  4.9
Armour         | |  2.1
Dodging        | |  0.8

Action                   |  1- 3 |  4- 6 |  7- 9 || total
-------------------------+-------+-------+-------++-------
Melee: Falchion          |    71 |   155 |    31 ||   257
Invok: Bend Space        |       |       |     2 ||     2
 Abil: Dig               |     3 |     2 |       ||     5
  Use: Potion            |       |     2 |       ||     2
  Eat: Chunk             |     1 |     7 |     1 ||     9
       Ration            |       |       |     1 ||     1
Armor: Ring mail         |    23 |    53 |     7 ||    83
Dodge: Dodged            |    38 |    73 |    20 ||   131
       Rpst.: Falchion   |    12 |    27 |     6 ||    45
